 Dungeon Crawl Stone Soup version 0.22.0-38-g04b72b8 (console) character file.

10167 bli the Cleaver (level 11, -12/89 HPs)
             Began as a Formicid Abyssal Knight on Aug 29, 2018.
             Was a High Priest of Lugonu.
             Mangled by a two-headed ogre
             ... wielding a +0 giant club
              (20 damage)
             ... on level 11 of the Dungeon.
             The game lasted 01:04:00 (12695 turns).

bli the Cleaver (Formicid Abyssal Knight)          Turns: 12695, Time: 01:04:01

Health: -12/89     AC: 10    Str: 16    XL:     11   Next: 87%
Magic:  0/12       EV: 16    Int: 20    God:    Lugonu [*****.]
Gold:   316        SH: 10    Dex:  9    Spells: 10/10 levels left

rFire    . . .     SeeInvis +   a - +7 war axe {holy, +Rage Int+7 Dex-4 SInv}
rCold    + . .     Gourm    .   p - +0 shield
rNeg     . . .     Faith    .   w - +2 robe {rC+}
rPois    .         Spirit   +   (helmet unavailable)
rElec    .         Reflect  .   u - scarf {Spirit}
rCorr    .         Harm     .   O - +0 pair of gloves
MR       +....                  K - +1 pair of boots
Stlth    ++........             (no amulet)
HPRegen  0.24/turn              m - +2 ring of evasion
MPRegen  0.13/turn              y - +2 ring of protection

@: no status effects
A: permanent stasis, dig shafts and tunnels, four strong arms, antennae 3
a: Dig, Shaft Self, Depart the Abyss, Bend Space, Banish, Corrupt, Enter the
Abyss, Renounce Religion


You were on level 11 of the Dungeon.
You worshipped Lugonu.
Lugonu was extremely pleased with you.
You were not hungry.

You visited 3 branches of the dungeon, and saw 13 of its levels.
You visited the Abyss 1 time.
You also visited: Sewer.

You collected 488 gold pieces.
You spent 172 gold pieces at shops.

Inventory:

Hand Weapons
 a - the +7 war axe of Tartarus (weapon) {holy, +Rage Int+7 Dex-4 SInv}
   (You found it in a sewer)

   It has been blessed by the Shining One to cause great damage to the undead
   and demons.
   It affects your intelligence (+7).
   It affects your dexterity (-4).
   It lets you see invisible.
   It lets you go berserk.
 b - the +1 hand axe of the Bouncing Deaths {venom, Int+2}
   (You found it on level 7 of the Dungeon)

   It poisons the flesh of those it strikes.
   It affects your intelligence (+2).
 Y - a +1 vampiric war axe
Missiles
 i - 378 stones (quivered)
Armour
 p - a +0 shield (worn)
 u - a scarf of spirit shield (worn)
 w - a +2 robe of cold resistance (worn)
 H - a +2 cloak
 K - a +1 pair of boots (worn)
 O - a +0 pair of gloves (worn)
Magical Staves
 e - an uncursed staff of fire
Jewellery
 m - a +2 ring of evasion (left hand)
 y - a +2 ring of protection (right hand)
 R - an uncursed ring of protection from magic {unknown}
Wands
 q - a wand of digging (9)
 x - a wand of disintegration (12)
 D - a wand of flame (17)
 E - a wand of polymorph (14)
 G - a wand of random effects (25)
 I - a wand of iceblast (2)
Scrolls
 d - 3 scrolls of immolation
 f - a scroll of amnesia
 h - a scroll of silence {unknown}
 j - a scroll of fear {unknown}
 l - 2 scrolls of fog
 s - 5 scrolls of teleportation
 v - a scroll of blinking {unknown}
 L - 2 scrolls of enchant armour {unknown}
 M - a scroll of enchant weapon {unknown}
 N - a scroll of summoning {unknown}
 P - a scroll of torment
 S - 2 scrolls of remove curse
 X - 2 scrolls of magic mapping
Potions
 g - a potion of cancellation {unknown}
 k - 2 potions of berserk rage
 n - 2 potions of degeneration {unknown}
 o - 2 potions of heal wounds
 r - 2 potions of haste {unknown}
 t - a potion of mutation {unknown}
 z - 8 potions of curing {unknown}
 A - 4 potions of brilliance {unknown}
 B - 2 potions of might {unknown}
 C - 2 potions of agility {unknown}
 F - 3 potions of invisibility
 J - a potion of ambrosia {unknown}
 V - a potion of flight
Comestibles
 c - 20 rations
 Q - 7 chunks of flesh


   Skills:
 * Level 9.0 Fighting
 * Level 10.9 Axes
 + Level 5.5 Armour
 + Level 6.6 Dodging
 * Level 4.6 Stealth
 - Level 9.0 Shields
 + Level 2.6 Invocations
 + Level 0.3 Evocations


You had 10 spell levels left.
You didn't know any spells.
Your spell library was empty.

Dungeon Overview and Level Annotations

Branches:
Dungeon (11/15)            Temple (1/1) D:7             Orc (1/2) D:10
   Lair: D:8-11

Altars:
Dithmenos
Elyvilon
Fedhas
Qazlal
Uskayaw
Wu Jian
Xom

Shops:
D:4 }   D:5 %   D:6 [


Innate Abilities, Weirdness & Mutations

You cannot be hasted, slowed, berserked, paralysed or teleported.
You can dig through walls and to a lower floor.
Your four strong arms can wield two-handed weapons with a shield.
You have a pair of large antennae on your head. (SInv)


Message History

You block the two-headed ogre's attack. The two-headed ogre barely misses you.
You hit the two-headed ogre.
The two-headed ogre looks as sick as possible!
The two-headed ogre is severely wounded.
You hit the two-headed ogre.
The two-headed ogre looks as sick as possible!
The two-headed ogre is severely wounded.
The two-headed ogre misses you.
The two-headed ogre hits you with a giant spiked club!
* * * LOW HITPOINT WARNING * * *
You hit the two-headed ogre but do no damage.
The two-headed ogre is severely wounded.
The +1 hand axe of the Bouncing Deaths {venom, Int+2} stops dripping with poison.
The +7 war axe of Tartarus {holy, +Rage Int+7 Dex-4 SInv} softly glows with a divine radiance!
a - the +7 war axe of Tartarus (weapon)
{holy, +Rage Int+7 Dex-4 SInv} You block the two-headed ogre's attack.
The two-headed ogre misses you.
You slash the two-headed ogre!
The two-headed ogre is almost dead.
The two-headed ogre hits you with a giant club!!
You die...

... ....$ #.. ......
## #..## ......
#$.#...# ....
.....##... ... ......#
.. ##....# .. #.O)..##
#. #.@#.(.# ##
#..#######(..####+
#..#..#..#..#(.......
#........#...........
#...(..###(.......##
....###.(.(..###...###
.. #......(.# .....
#?.#..#..# .#... .
####..#######.#$ ..
#$.#..#..#†.#.# ..#
#........#....##...#


You could see a two-headed ogre.

Vanquished Creatures
  Erica (D:8)
  A tengu warrior (D:11)
  The ghost of Bearstalker the Covered, an amateur MiFi (D:5)
  A troll (D:9)
  Prince Ribbit (D:8)
  5 hippogriffs
  A spriggan (D:8)
  Grum (D:8)
  2 wyverns (D:10)
  A hungry ghost (D:9)
  A soldier ant (D:10)
  A water moccasin (D:6)
  4 ice beasts
  A sky beast (D:9)
  A hornet zombie (D:7)
  10 orc warriors
  A necrophage (D:8)
  4 ogres
  3 wolves (D:8)
  A phantom (D:7)
  2 centaurs
  6 big kobolds
  6 bullfrogs
  2 water moccasin skeletons
  4 scorpions
  15 killer bees
  4 wights (D:10)
  2 electric eels (D:9)
  2 howler monkeys
  3 crimson imps
  A bullfrog zombie (D:7)
  A quasit (D:9)
  A centaur zombie (D:8)
  9 orc priests
  3 hounds
  A jelly (D:10)
  2 bullfrog skeletons
  Ijyb (D:5)
  16 orc wizards
  Crazy Yiuf (D:5)
  A centaur skeleton (D:4)
  7 iguanas
  4 worker ants
  A worker ant zombie (D:5)
  A howler monkey zombie (D:9)
  8 adders
  A shadow imp (D:5)
  An ooze (Sewer)
  2 adder zombies (D:6)
  An adder skeleton (D:9)
  2 worms (D:4)
  4 dart slugs
  6 leopard geckos
  27 orcs
  2 ball pythons (Sewer)
  6 giant cockroaches
  5 goblins
  5 hobgoblins
  11 jackals
  7 quokkas
  13 bats
  10 frilled lizards
  A jackal skeleton (D:4)
  24 kobolds
  A quokka zombie (D:5)
  10 rats
285 creatures vanquished.

Vanquished Creatures (others)
  An unseen horror (D:11)
  An orc (D:9)
  A plant (D:9)
3 creatures vanquished.

Grand Total: 288 creatures vanquished

Notes
Turn   | Place    | Note
-------+----------+-------------------------------------------
     0 | Abyss:1  | bli the Formicid Abyssal Knight began the quest for the Orb.
     0 | Abyss:1  | Reached XP level 1. HP: 18/18 MP: 2/2
    70 | Abyss:2  | Noticed a cacodemon
    70 | Abyss:2  | Noticed an ancient zyme
    70 | Abyss:2  | Noticed a small abomination
    70 | Abyss:2  | Noticed a large abomination
    71 | D:1      | Escaped the Abyss
   111 | D:1      | Reached skill level 1 in Dodging
   178 | D:1      | Reached XP level 2. HP: 12/25 MP: 3/3
   463 | D:1      | Reached * piety under Lugonu
   488 | D:1      | Reached XP level 3. HP: 30/30 MP: 4/4
  1042 | D:2      | Found a white marble altar of Elyvilon.
  1090 | D:2      | Reached XP level 4. HP: 18/38 MP: 5/5
  2068 | D:3      | Found an ornate altar of the Wu Jian Council.
  2257 | D:3      | Reached ** piety under Lugonu
  2555 | D:4      | Found a stormy altar of Qazlal.
  2574 | D:4      | Found Zoasa Bauk's Gadget Boutique.
  2590 | D:4      | Reached XP level 5. HP: 17/43 MP: 1/6
  2891 | D:4      | Reached skill level 1 in Shields
  3235 | D:4      | Reached skill level 3 in Axes
  3235 | D:4      | Reached XP level 6. HP: 41/50 MP: 7/7
  3275 | D:4      | Found a glowing drain.
  3291 | Sewer    | Entered a sewer
  3461 | Sewer    | Reached skill level 5 in Fighting
  3467 | Sewer    | Reached skill level 4 in Axes
  3782 | Sewer    | Reached XP level 7. HP: 11/56 MP: 2/8
  3796 | Sewer    | Got an encrusted war axe
  3800 | Sewer    | Identified the +7 war axe of Tartarus {holy, +Rage Int+7 Dex-4 SInv} (You found it in a sewer)
  4271 | D:5      | Entered Level 5 of the Dungeon
  4280 | D:5      | Found Onuid's Food Emporium.
  4280 | D:5      | Noticed Ijyb
  4297 | D:5      | Killed Ijyb
  4732 | D:5      | Found a shimmering altar of Xom.
  4751 | D:5      | Found a runed door.
  4755 | D:5      | Noticed Crazy Yiuf
  4762 | D:5      | Killed Crazy Yiuf
  5344 | D:5      | Found a large runed door.
  5344 | D:5      | Found a large runed door.
  5346 | D:5      | Noticed Bearstalker's ghost (amateur MiFi)
  5433 | D:6      | Found Cedwaff's Antique Armour Shop.
  5443 | D:6      | Bought a pair of glowing boots for 172 gold pieces
  5451 | D:6      | Noticed a water moccasin
  5455 | D:6      | Reached skill level 5 in Axes
  5455 | D:6      | Reached skill level 1 in Stealth
  5455 | D:6      | Reached XP level 8. HP: 64/64 MP: 9/9
  5461 | D:6      | Reached *** piety under Lugonu
  5478 | D:6      | You fall through a shaft for 2 floors!
  5657 | D:7      | You fall through a shaft for 3 floors!
  5657 | D:10     | Entered Level 10 of the Dungeon
  5680 | D:10     | Reached skill level 6 in Axes
  5727 | D:10     | Noticed a wyvern
  5732 | D:10     | Killed a wyvern
  5959 | D:10     | Reached skill level 7 in Axes
  5959 | D:10     | Reached XP level 9. HP: 42/69 MP: 10/10
  6137 | D:9      | Reached skill level 5 in Shields
  6221 | D:9      | Noticed a hippogriff
  6239 | D:9      | Killed a hippogriff
  6693 | D:7      | Noticed Prince Ribbit
  6716 | D:8      | Killed Prince Ribbit
  6873 | D:7      | Got a pitted hand axe
  6875 | D:7      | Identified the cursed +1 hand axe of the Bouncing Deaths {venom, Int+2} (You found it on level 7 of the Dungeon)
  6906 | D:7      | Noticed a hippogriff
  7260 | D:6      | Reached XP level 10. HP: 72/77 MP: 11/11
  7262 | D:6      | Reached skill level 5 in Dodging
  7311 | D:6      | Found a shadowy altar of Dithmenos.
  7524 | D:5      | Killed Bearstalker's ghost
  7524 | D:5      | Reached skill level 8 in Axes
  7620 | D:7      | Reached **** piety under Lugonu
  7981 | D:7      | Reached skill level 5 in Armour
  8118 | D:7      | Found a blossoming altar of Fedhas.
  8335 | D:7      | Found a staircase to the Ecumenical Temple.
  8345 | Temple   | Entered the Ecumenical Temple
  8698 | D:8      | Noticed Grum
  8933 | D:9      | Reached skill level 9 in Axes
  9029 | D:8      | Noticed Erica
  9061 | D:8      | Killed Erica
  9061 | D:8      | Reached XP level 11. HP: 29/86 MP: 1/12
  9489 | D:9      | Found a hide-covered altar of Uskayaw.
 10696 | D:8      | Killed Grum
 10723 | D:10     | Found a staircase to the Orcish Mines.
 11278 | D:10     | Reached skill level 10 in Axes
 11391 | D:10     | Reached ***** piety under Lugonu
 11870 | Orc:1    | Entered Level 1 of the Orcish Mines
 12528 | Orc:1    | Noticed an orc knight
 12637 | D:11     | Noticed a tengu warrior
 12642 | D:11     | Noticed an unseen horror
 12665 | D:11     | Killed an unseen horror
 12679 | D:11     | Noticed a two-headed ogre
 12689 | D:11     | Killed a tengu warrior
 12695 | D:11     | Mangled by a two-headed ogre

Skill      XL: |  1  2  3  4  5  6  7  8  9 10 11 |
---------------+----------------------------------+-----
Dodging        | 1 2 3 4 5 6 |  6.6
Fighting       | 4 5 6 8 9 |  9.0
Shields        | 1 2 3 4 7 8 9 |  9.0
Axes           | 3 4 5 7 9 10 | 10.9
Armour         | 3 4 5 |  5.5
Stealth        | 1 4 |  4.6
Invocations    | |  2.6
Evocations     | |  0.3

Action                   |  1- 3 |  4- 6 |  7- 9 | 10-12 || total
-------------------------+-------+-------+-------+-------++-------
Melee: Hand axe          |    80 |   211 |    50 |   234 ||   575
       War axe           |       |       |   188 |   243 ||   431
Throw: Stone             |       |       |     2 |    15 ||    17
Invok: Depart the Abyss  |     1 |       |       |       ||     1
       Bend Space        |       |       |       |     1 ||     1
 Abil: Dig               |     2 |     1 |     2 |       ||     5
       Shaft Self        |       |       |     2 |       ||     2
Evoke: Wand              |       |       |       |     7 ||     7
  Use: Scroll            |       |       |     3 |     8 ||    11
       Potion            |       |       |       |     6 ||     6
 Stab: Sleeping          |       |       |     1 |     8 ||     9
  Eat: Chunk             |     1 |     9 |     8 |    15 ||    33
       Ration            |       |       |     1 |     1 ||     2
Armor: Leather armour    |    28 |    50 |    54 |    34 ||   166
       Robe              |       |       |       |    65 ||    65
Dodge: Dodged            |    57 |    89 |   106 |   241 ||   493
Block: Shield            |     9 |    74 |   138 |   230 ||   451
